 Dungeon Crawl Stone Soup version 0.31.0-11-ge490571c62 (webtiles) character file.

Game seed: 8318925265495834739

28 mopl the Apothecary (level 3, -3/21 HPs)
             Began as an Octopode Alchemist on Feb 10, 2024.
             Slain by Sigmund
             ... wielding a +2 scythe of venom
              (10 damage)
             ... on level 2 of the Dungeon.
             The game lasted 00:00:57 (945 turns).

mopl the Apothecary (Octopode Alchemist)             Turns: 945, Time: 00:00:57

Health: -3/21      AC:  1    Str:  7    XL:     3   Next: 14%
Magic:  0/6        EV: 13    Int: 19    God:
Gold:   38         SH:  0    Dex: 12    Spells: 6/7 levels left

rFire   . . .        (no weapon)
rCold   . . .        (no shield)
rNeg    . . .        (helmet restricted)
rPois   .            (no amulet)
rElec   .            (no ring)
rCorr   .            (no ring)
SInv    .            (no ring)
Will    .....        (no ring)
Stlth   +++          (no ring)
HPRegen 0.23/turn    (no ring)
MPRegen 0.10/turn    (no ring)
                     (no ring)

%: no passive effects
@: no status effects
A: almost no armour, amphibious, 8 rings, camouflage 1, gelatinous body 1,
(nimble swimmer 1), tentacles
a: no special abilities


You were on level 2 of the Dungeon.
You visited 1 branch of the dungeon, and saw 2 of its levels.

You collected 38 gold pieces.

Inventory:

Scrolls
 c - 3 scrolls of identify {unknown}
Potions
 a - a potion of magic
 b - a potion of curing {unknown}
 d - a potion of brilliance {unknown}
 e - a potion of enlightenment {unknown}
 f - a potion of degeneration {unknown}
 g - a potion of attraction {unknown}


   Skills:
 - Level 2.0 Dodging
 - Level 2.6 Stealth
 + Level 2.5 Spellcasting
 + Level 1.8 Conjurations
 + Level 3.7 Alchemy


You had 6 spell levels left.
You knew the following spells:

 Your Spells              Type           Power      Damage    Failure   Level
a - Sting                 Conj/Alch      52%        1d6       4%          1

Your spell library contained the following spells:

 Spells                   Type           Power      Damage    Failure   Level
 Mercury Vapours          Alch/Air       18%        N/A       11%         2
 Mephitic Cloud           Conj/Alch/Air  9%         N/A       22%         3
 Olgreb's Toxic Radiance  Alch           16%        N/A       34%         4
 Sticky Flame             Fire/Alch      9%         2d5       58%         4


Dungeon Overview and Level Annotations

Branches:
Dungeon (2/15)

Altars:

Annotations:
D:2 Sigmund


Innate Abilities, Weirdness & Mutations

You cannot wear most types of armour.
You are amphibious.
You can wear up to eight rings at the same time.
Your skin changes colour to match your surroundings (Stealth+).
Your rubbery body absorbs attacks. (AC +1, EV +1)
((You are camouflaged when in or above water. (Stealth+)))
You have tentacles for arms and can constrict up to eight enemies at once.


Message History

There is an open door here.
There is a dry fountain here.
You open the door.
There is an open door here.
There is a dry fountain here.
There is an open door here.
There is an open door here.
There is an open door here.
You now have 38 gold pieces (gained 12).
Key pressed, stopping explore.
Found a whip.
Done exploring.
Done exploring.
What level of the Dungeon? (default 1, ? - help)
There is a stone staircase leading down here.
You climb downwards.
There is a stone staircase leading up here.
Sigmund is nearby!
The sting hits Sigmund.
Sigmund is poisoned.
Sigmund is lightly wounded.
The sting hits Sigmund.
Sigmund looks even sicker.
Sigmund is moderately wounded.
Sigmund points at you and mumbles some strange words.
The magic dart hits you.
The sting misses Sigmund.
The sting hits Sigmund.
Sigmund looks even sicker.
Sigmund is heavily wounded.
Sigmund misses you.
The sting hits Sigmund.
Sigmund looks as sick as possible!
Sigmund is severely wounded.
The sting hits Sigmund.
Sigmund looks as sick as possible!
Sigmund is almost dead.
Sigmund points at you and mumbles some strange words.
The magic dart hits you!
You are too injured to fight recklessly!
You are too injured to fight recklessly!
Sigmund attacks as he pursues you!
Sigmund hits you from afar with a +2 scythe of venom!
You die...
Sigmund begins carving another notch in his scythe.

..# ..# #.# #.#
... #.#
#######@#
........########
#######<@.......
#......###
######...# #.# #


You could see Sigmund (extremely poisoned).

Vanquished Creatures
  A bat (D:1)
  6 endoplasms (D:1)
  A giant cockroach (D:1)
  3 goblins (D:1)
  2 hobgoblins (D:1)
  A quokka (D:1)
  4 ball pythons (D:1)
  3 frilled lizards (D:1)
  A kobold (D:1)
  2 rats (D:1)
24 creatures vanquished.

Notes
Turn   | Place    | Note
-------+----------+-------------------------------------------
     0 | D:1      | mopl the Octopode Alchemist began the quest for the Orb.
     0 | D:1      | Reached XP level 1. HP: 11/11 MP: 3/3
   128 | D:1      | Reached XP level 2. HP: 17/17 MP: 3/5
   603 | D:1      | Found a faded altar of an unknown god.
   611 | D:1      | Reached XP level 3. HP: 21/21 MP: 3/6
   937 | D:2      | Noticed Sigmund
   945 | D:2      | Slain by Sigmund

Illustrated notes

Levels and vault maps discovered:
D:1:      co_arrival_random_square_maze, layout_basic, basic_ecumenical_altar
D:2:      layout_loops_ring, basic_altar, minmay_rat_gold_closets, uniq_sigmund,
          uniq_jessica

Action                     || total
---------------------------++-------
  Melee: Unarmed           ||    24
         Tentacles         ||     6
         Constrict         ||     3
         Punch             ||     1
   Cast: Sting             ||    37
 Armour: Skin              ||    18
  Dodge: Dodged            ||    23
